Workbook

Sheet Форма 6
F1: Форма 6
A2: СВЕДЕНИЯ О ДОСТИЖЕНИИ ЗНАЧЕНИЙ ЦЕЛЕВЫХ ИНДИКАТОРОВ, ПОКАЗАТЕЛЕЙ МУНИЦИПАЛЬНОЙ ПРОГРАММЫ за 1 полугодие 2020 года
B3: Муниципальной программы «Развитие образования Чугуевского муниципального округа» на 2020 - 2024 годы
A4: № п/п | B4: Целевой индикатор, показатель (наименование) | C4: Единица измерения | D4: Значения целевых индикаторов, показателей муниципальной программы | G4: Обоснование отклонений значений целевого индикатора, показателя на конец отчетного года (при наличии)
D5: в году, предшествующем отчетному финансовому году | E5: в отчетном году
E6: План | F6: Факт
A7: 1 | B7: 2 | C7: 3 | D7: 4 | E7: 5 | F7: 6 | G7: 7
A8: 1. Муниципальная программа «Развитие образования Чугуевского муниципального округа» на 2020 - 2024 годы
A9: 1.1. | B9: Доля выпускников муниципальных общеобразовательных организаций, не сдавших единый государственный экзамен, в общей численности выпускников муниципальных общеобразовательных организаций | C9: % | D9: 3.3 | E9: 3 | F9: 0 | G9: Результатов сдачи ЕГЭ 2020 года еще нет.
A10: 1.2. | B10: Доля детей в возрасте от 5 до 18 лет, охваченных дополнительным образованием | C10: % | D10: 76 | E10: 77 | F10: 76 | G10: Сохраняется сеть
A11: 1.3. | B11: Удельный вес численности обучающихся, занимающихся в первую смену, в общей численности обучающихся общеобразовательных организаций | C11: % | D11: 82 | E11: 84 | F11: 81.6 | G11: В связи с нехваткой педагогических работников увеличилось количество классов во вторую смену
A12: 2. Подпрограмма № 1 «Развитие системы дошкольного образования в Чугуевском муниципальном округе" на 2020-2024 годы
A13: 2.1. | B13: Обеспечение доступности дошкольного образования от 0 до 7 лет (уменьшение общей очереди) % | C13: % | D13: 80 | E13: 80 | F13: 58 | G13: Основная очередь в дошкольные образовательные учреждения с.Чугуевка, недостаточно мест в ДОО.
A14: 2.2. | B14: Количество дополнительных мест в дошкольных организациях для детей в возрасте от 2 месяцев до 3 лет, созданных в ходе реализации муниципальной программы | C14: ед. | D14: 0 | E14: 0 | F14: 0
A15: 2.3. | B15: Доступность дошкольного образования для детей в возрасте от 2 месяцев до 3 лет (отношение численности детей в возрасте от 2 месяцев до 3 лет, получающих дошкольное образование в текущем году, к сумме численности детей в возрасте от 2 месяцев до 3 лет, получающих дошкольное образование в текущем году, и численности детей в возрасте от 2 месяцев до 3 лет, находящихся в очереди на получение в текущем году дошкольного образования) | C15: % | D15: 50 | E15: 50 | F15: 42.2 | G15: недостаточно мест в ДОО для детей детей данной возрастной категории
A16: 3. Подпрограмма № 2 «Развитие системы общего образования в Чугуевском муниципальном округе" на 2020-2024 годы
A17: 3.1. | B17: Количество муниципальных общеобразовательных организаций, в которых были проведены капитальные ремонты зданий | C17: ед. | D17: 0 | E17: 3 | F17: 0
A18: 3.2. | B18: Количество общеобразовательных организаций, в которых отремонтированы спортивные залы | C18: ед. | D18: 0 | E18: 2 | F18: 0
A19: 3.3. | B19: Удельный вес численности обучающихся в образовательных организациях общего образования в соответствии с федеральными государственными образовательными стандартами, в общей численности обучающихся в образовательных организациях общего образования | C19: % | D19: 92 | E19: 96 | F19: 86.7
A20: 3.4. | B20: Доля учащихся 4 - 11 классов, принимающих участие в школьном этапе Всероссийской олимпиады школьников | C20: % | D20: 50 | E20: 51 | F20: 0 | G20: не состоялась
A21: 3.5. | B21: Удельный вес численности высококвалифицированных педагогических работников в общей численности квалифицированных педагогических работников в округе в сфере образования. | C21: % | D21: 50 | E21: 50.5 | F21: 43.2
A22: 3.6. | B22: Удельный вес численности учителей общеобразовательных организаций в возрасте до 35 лет в общей численности учителей общеобразовательных организаций | C22: % | D22: 10.3 | E22: 10.5 | F22: 10.4
A23: 3.7. | B23: Доля общеобразовательных организаций, в которых создана универсальная безбарьерная среда для инклюзивного образования детей-инвалидов, в общем количестве общеобразовательных организаций | C23: % | D23: 24 | E23: 26 | F23: 24
A24: 3.8. | B24: Количество одарённых детей Чугуевского муниципального округа, принявших участие в сменах всероссийских детских образовательных центров | C24: чел. | D24: 4 | E24: 4 | F24: 4
A25: 3.9. | B25: Количество муниципальных учреждений, в которых проведены мероприятия по обеспечению требований пожарной безопасности | C25: ед. | D25: 19 | E25: 19 | F25: 19
A26: 3.10. | B26: Количество общеобразовательных организаций, в которых установлены системы видеонаблюдения и ограждения | C26: ед. | D26: 19 | E26: 19 | F26: 19
A27: 4. Подпрограмма № 3 «Развитие системы дополнительного образования, отдыха, оздоровления и занятости детей и подростков в Чугуевском муниципальном округе" на 2020-2024 годы
A28: 4.1. | B28: Число детей, охваченных деятельностью детских технопарков «Кванториум» (мобильных технопарков «Кванториум») и других проектов, направленных на обеспечение доступности дополнительных общеобразовательных программ естественнонаучной и технической направленностей | C28: чел. | D28: 20 | E28: 31 | F28: 0
A29: 4.2. | B29: Доля детей и подростков, охваченных всеми формами отдыха и оздоровления, занятости от общего числа детей в возрасте от 7 до 17 лет | C29: % | D29: 68 | E29: 70 | F29: 0 | G29: мероприятия по отдыху и оздоровлению детей не проводились в связи с осложнением санитарно-эпидемиологической обстановки
A30: 4.3. | B30: Доля детей и подростков, охваченных льготой из краевого бюджета по оплате стоимости путевки в организации отдыха, от общего числа детей в возрасте от 7 до 15 лет | C30: % | D30: 1 | E30: 1.2 | F30: 0 | G30: мероприятия по отдыху и оздоровлению детей не проводились в связи с осложнением санитарно-эпидемиологической обстановки
A31: 4.4. | B31: Доля оздоровленных детей, находящихся в трудной жизненной ситуации, от общего числа детей от 6 до 17 лет, находящихся в трудной жизненной ситуации, подлежащих оздоровлению | C31: % | D31: 91 | E31: 91.2 | F31: 0 | G31: мероприятия по отдыху и оздоровлению детей не проводились в связи с осложнением санитарно-эпидемиологической обстановки
A32: 4.5. | B32: Доля детей, оздоровленных во всех типах оздоровительных организаций, получивших выраженный оздоровительный эффект | C32: % | D32: 86 | E32: 87 | F32: 0 | G32: мероприятия по отдыху и оздоровлению детей не проводились в связи с осложнением санитарно-эпидемиологической обстановки
A33: 4.6. | B33: Количество функционирующих детских оздоровительных лагерей на базе муниципальных образовательных учреждений | C33: ед. | D33: 18 | E33: 18 | F33: 0 | G33: не функцтонировали в связи с осложнением санитарно-эпидемиологической обстановки
A34: 4.7. | B34: Количество выпускников школ, принявших участие в празднике выпускников школ Чугуевского муниципального округа | C34: чел. | D34: 68 | E34: 109 | F34: 0 | G34: не состоялся

Sheet Форма 7
I1: Форма 7
A2: ОТЧЕТ ОБ ИСПОЛЬЗОВАНИИ БЮДЖЕТНЫХ АССИГНОВАНИЙ БЮДЖЕТА ЧУГУЕВСКОГО МУНИЦИПАЛЬНОГО РАЙОНА НА РЕАЛИЗАЦИЮ МУНИЦИПАЛЬНОЙ ПРОГРАММЫ за 3 квартал 2022 года
A3: 1. МП "Развитие образования Чугуевского муниципального округа" на 2020-2024 годы
A4: № п/п | B4: Наименование муниципальной программы, подпрограммы, отдельного мероприятия | C4: Ответственный исполнитель, соисполнитель | D4: Код бюджетной классификации | I4: Объем расходов (тыс. руб.), годы
D5: ГРБС | E5: РзПр | G5: ЦСт | H5: ВР | I5: сводная бюджетная роспись на 01 января 2022 года | J5: сводная бюджетная роспись на 01.10.2022 г | K5: кассовое исполнение за 9 месяцев 2022 год
E6: Рз | F6: Пр
A7: 1 | B7: 2 | C7: 3 | D7: 4 | E7: 5 | F7: 5 | G7: 6 | H7: 7 | I7: 8 | J7: 9 | K7: 10
A8: 1. | B8: Муниципальная программа «Развитие системы образования Чугуевского муниципального округа» на 2020-2024 годы | C8: Образовательные учреждения, МКУ "ЦООУ" | I8: =I9+I10+I11 -> 7.8118063e+08 | J8: =SUM(J9:J11) -> 8.2363196e+08 | K8: =SUM(K9:K11) -> 502291120 | L8: =O12+L57+L123+L149 -> #REF! | M8: =I8-L8 -> #REF! | O8: 6.7243426e+08 | P8: =O8-K8 -> 1.7014314e+08
C9: федеральный бюджет (иные межбюджетные трансферты) | I9: =I13+I58 -> 36111084 | J9: =J13+J58 -> 36111084 | K9: =K13+K58 -> 21611092
C10: краевой бюджет (субсидии, субвенции, иные межбюджетные трансферты) | I10: =I14+I59+I124 -> 429944115 | J10: =J14+J59+J124 -> 4.5061431e+08 | K10: =K14+K59+K124 -> 2.6552625e+08
C11: бюджет Чугуевского муниципального района | I11: =I15+I60+I125+I149 -> 3.1512544e+08 | J11: =J15+J60+J125+J149 -> 3.3690657e+08 | K11: =K15+K60+K125+K149 -> 2.1515378e+08
A12: 1.1. | B12: Подпрограмма «Развитие дошкольного образования в Чугуевском муниципальном округе» на 2020-2024» годы | C12: Образовательные учреждения, МКУ "ЦООУ" | I12: =SUM(I13:I15) -> 189726302 | J12: =SUM(J13:J15) -> 2.0593006e+08 | K12: =SUM(K13:K15) -> 1.1814636e+08 | L12: =L13+L14+L15 -> 183044375 | M12: =M13+M14+M15 -> 1.8241165e+08 | N12: =N13+N14+N15 -> 1.0966857e+08 | O12: =I16+I21+I49+I51 -> 1712720 | P12: =O12-L12 -> -181331655
C13: федеральный бюджет (иные межбюджетные трансферты) | I13: =I55 -> 0 | J13: =J55 -> 0 | K13: =K55 -> 0 | L13: =I55 -> 0 | M13: =J55 -> 0 | N13: =K55 -> 0
C14: краевой бюджет (субсидии, субвенции, иные межбюджетные трансферты) | I14: =I44+I45+I46+I47+I48++I52+I56 -> 98672252 | J14: =J44+J45+J46+J47+J48++J52+J56 -> 1.0855216e+08 | K14: =K44+K45+K46+K47+K48++K52+K56 -> 63616572 | L14: =I44+I45+I46+I47+I50+I56 -> 92797045 | M14: =J44+J45+J46+J47+J50+J56 -> 1.0277695e+08 | N14: =K44+K45+K46+K47+K50+K56 -> 61279691
C15: бюджет Чугуевского муниципального района | I15: =I17+I18+I19+I20+I21+I23+I24+I25+I26+I27+I29+I30+I31+I33+I34+I35+I36+I37+I38+I39+I40+I41+I42+I43 -> 91054050 | J15: =J17+J18+J19+J20+J21+J23+J24+J25+J26+J27+J29+J30+J31+J33+J34+J35+J36+J37+J38+J39+J40+J41+J42+J43+J50+J54+J28+J32 -> 97377902 | K15: =K17+K18+K19+K20+K21+K23+K24+K25+K26+K27+K29+K30+K31+K33+K34+K35+K36+K37+K38+K39+K40+K41+K42+K43+K50+K54+K28+K32 -> 54529786 | L15: =I17+I18+I19+I20+I23+I24+I25+I26+I33+I34+I35+I36+I37+I38+I39+I41+I42+I54 -> 90247330 | M15: =J17+J18+J19+J20+J23+J24+J25+J26+J33+J34+J35+J36+J37+J38+J39+J41+J42+J54 -> 79634698 | N15: =K17+K18+K19+K20+K23+K24+K25+K26+K33+K34+K35+K36+K37+K38+K39+K41+K42+K54 -> 48388875 | O15: =L17+L18+L19+L23+L24+L25+L26+#REF!+L33+L34+L35+L36+L37+L38+L39+L42+L55 -> #REF! | P15: =M17+M18+M19+M23+M24+M25+M26+#REF!+M33+M34+M35+M36+M37+M38+M39+M42+M55 -> #REF!
A16: 1.1. | B16: Основное мероприятие "Развитие инфраструктуры организаций дошкольного образования" | I16: =SUM(I17:I21) -> 473500 | J16: =SUM(J17:J21) -> 1214280 | K16: =SUM(K17:K21) -> 1137400.7
A17: 1.1.1 | B17: Мероприятия по информатизации системы образования | C17: бюджет Чугуевского муниципального округа | D17: 974 | E17: 07 | F17: 01 | G17: 0110120190 | H17: 244 | I17: 294280 | J17: 250000 | K17: 190210.73 | O17: =J17-K17 -> 59789.27
A18: 1.1.2 | B18: Субсидии бюджетным учреждениям на иные цели (Мероприятия по информатизации системы образования) | C18: бюджет Чугуевского муниципального округа | D18: 974 | E18: 07 | F18: 01 | G18: 0110120190 | H18: 612 | I18: 0 | J18: 44280 | K18: 27190 | O18: =J18-K18 -> 17090
A19: 1.1.3 | B19: Строительство, реконструкция зданий (в том числе проекто-изыскательские работы) | C19: бюджет Чугуевского муниципального округа | D19: 971 | E19: 07 | F19: 01 | G19: 0110170070 | H19: 414 | I19: 0 | J19: 0 | K19: 0 | O19: =J19-K19 -> 0
A20: 1.1.4 | B20: Мероприятия по капитальному ремонту зданий и помещений учреждений (в том числе проектно - изыскательские работы) | C20: бюджет Чугуевского муниципального округа | D20: 974 | E20: 07 | F20: 01 | G20: 0110170080 | H20: 243 | I20: 0 | J20: 920000 | K20: 920000 | O20: =J20-K20 -> 0
A21: 1.1.5 | B21: Капитальный ремонт зданий муниципальных общеобразовательных учреждений, в рамках софинансирования краевого бюджета | C21: бюджет Чугуевского муниципального округа | D21: 974 | E21: 07 | F21: 01 | G21: 01101S2340 | H21: 243 | I21: 179220 | J21: 0 | K21: 0 | O21: =J21-K21 -> 0
A22: 1.2. | B22: Основное мероприятие "Реализация образовательных программ дошкольного образования" | I22: =SUM(I23:I48) -> 188192802 | J22: =SUM(J23:J48) -> 1.9915227e+08 | K22: =SUM(K23:K48) -> 1.1313167e+08 | O22: =J22-K22 -> 86020602
A23: 1.2.1 | B23: Мероприятия по профилактике терроризма и экстремизма | C23: бюджет Чугуевского муниципального округа | D23: 974 | E23: 07 | F23: 01 | G23: 0110220050 | H23: 244 | I23: 500000 | J23: 463760 | K23: 127650 | O23: =J23-K23 -> 336110
A24: 1.2.2 | B24: Субсидии бюджетным учреждениям на иные цели (Мероприятия по профилактике терроризма и экстремизма) | C24: бюджет Чугуевского муниципального округа | D24: 974 | E24: 07 | F24: 01 | G24: 0110220050 | H24: 612 | I24: 0 | J24: 36240 | K24: 12500.16 | O24: =J24-K24 -> 23739.84
A25: 1.2.3 | B25: Мероприятия по по охране труда | C25: бюджет Чугуевского муниципального округа | D25: 974 | E25: 07 | F25: 01 | G25: 0110220060 | H25: 244 | I25: 2243200 | J25: 1593007.4 | K25: 867136.5 | O25: =J25-K25 -> 725870.94
A26: 1.2.4 | B26: Субсидии бюджетным учреждениям на иные цели (Мероприятия по по охране труда) | C26: бюджет Чугуевского муниципального округа | D26: 974 | E26: 07 | F26: 01 | G26: 0110220060 | H26: 612 | I26: 0 | J26: 214192.56 | K26: 131030 | O26: =J26-K26 -> 83162.56
A27: 1.2.5 | B27: Приобретение витамина С для детей, посещающих муниципальные дошкольные учреждения | C27: бюджет Чугуевского муниципального округа | D27: 974 | E27: 07 | F27: 01 | G27: 0110220100 | H27: 244 | I27: 27500 | J27: 25500 | K27: 25000
A28: 1.2.6 | B28: Субсидии бюджетным учреждениям на иные цели (Приобретение витамина С для детей, посещающих муниципальные дошкольные учреждения) | C28: бюджет Чугуевского муниципального округа | D28: 974 | E28: 07 | F28: 01 | G28: 110220100 | H28: 612 | J28: 2000 | K28: 2000
A29: 1.2.7 | B29: Мероприятия по пожарной безопасности | C29: бюджет Чугуевского муниципального округа | D29: 974 | E29: 07 | F29: 01 | G29: 0110220150 | H29: 244 | I29: 600000 | J29: 463240 | K29: 314623.64
A30: 1.2.8 | B30: Субсидии бюджетным учреждениям на иные цели (Мероприятия по пожарной безопасности) | C30: бюджет Чугуевского муниципального округа | D30: 974 | E30: 07 | F30: 01 | G30: 0110220150 | H30: 612 | I30: 0 | J30: 43360 | K30: 18760
A31: 1.2.9 | B31: Расходы на предупреждение распространения коронавирусной инфекции | C31: бюджет Чугуевского муниципального округа | D31: 974 | E31: 07 | F31: 01 | G31: 23298 | H31: 244 | I31: 0 | J31: 168870 | K31: 168660
A32: 1.2.10 | B32: Субсидии бюджетным учреждениям на иные цели (Расходы на предупреждение распространения коронавирусной инфекции) | C32: бюджет Чугуевского муниципального округа | D32: 974 | E32: 07 | F32: 01 | G32: 110229070 | H32: 612 | I32: 0 | J32: 48230 | K32: 47940
A33: 1.2.11 | B33: Расходы на обеспечение деятельности (оказание услуг, выполнение работ) муниципальных учреждений | C33: бюджет Чугуевского муниципального округа | D33: 974 | E33: 07 | F33: 01 | G33: 0110270590 | H33: 111 | I33: 28731850 | J33: 23298068 | K33: 18864391 | O33: =J33-K33 -> 4433677
D34: 974 | E34: 07 | F34: 01 | G34: 0110270590 | H34: 112 | I34: 26400 | J34: 24000 | K34: 3100 | O34: =J34-K34 -> 20900
D35: 974 | E35: 07 | F35: 01 | G35: 0110270590 | H35: 119 | I35: 8700000 | J35: 7058981.4 | K35: 5301947.3 | O35: =J35-K35 -> 1757034.1
D36: 974 | E36: 07 | F36: 01 | G36: 0110270590 | H36: 244 | I36: 30506485 | J36: 30695564 | K36: 14629962 | O36: =J36-K36 -> 16065602
D37: 974 | E37: 07 | F37: 01 | G37: 0110270590 | H37: 851 | I37: 4007795 | J37: 1297870.2 | K37: 612316 | O37: =J37-K37 -> 685554.25
D38: 974 | E38: 07 | F38: 01 | G38: 0110270590 | H38: 852 | I38: 11000 | J38: 22400 | K38: 3500 | O38: =J38-K38 -> 18900
D39: 974 | E39: 07 | F39: 01 | G39: 0110270590 | H39: 853 | I39: 448320 | J39: 422520 | K39: 10231.29 | O39: =J39-K39 -> 412288.71
A40: 1.2.12 | B40: Субсидии бюджетным учреждениям на финансовое обеспечение государственного (муниципального) задания на оказание государственных (муниципальных) услуг (выполнение работ) (Расходы на обеспечение деятельности (оказание услуг, выполнение работ) муниципальных учреждений) | C40: бюджет Чугуевского муниципального округа | D40: 974 | E40: 07 | F40: 01 | G40: 0110270590 | H40: 611 | I40: 0 | J40: 16113771 | K40: 5401016.8
A41: 1.2.13 | B41: Расходы на приобретение коммунальных услуг | C41: бюджет Чугуевского муниципального округа | D41: 974 | E41: 07 | F41: 01 | G41: 0110270591 | H41: 244 | I41: 1092800 | J41: 954271.14 | K41: 251228.76 | O41: =J41-K41 -> 703042.38
D42: 974 | E42: 07 | F42: 01 | G42: 0110270591 | H42: 247 | I42: 13685200 | J42: 12317526 | K42: 6419102.6 | O42: =J42-K42 -> 5898423.5
A43: 1.2.14 | B43: Субсидии бюджетным учреждениям на финансовое обеспечение государственного (муниципального) задания на оказание государственных (муниципальных) услуг (выполнение работ) (Расходы на приобретение коммунальных услуг) | C43: бюджет Чугуевского муниципального округа | D43: 974 | E43: 07 | F43: 01 | G43: 0110270591 | H43: 611 | I43: 0 | J43: 778232.9 | K43: 101345.93
A44: 1.2.15 | B44: Субвенции на обеспечение государственных гарантий реализации прав на получение общедоступного и бесплатного дошкольного образования в муниципальных дошкольных образовательных организациях | C44: краевой бюджет (субсидии, субвенции, иные межбюджетные трансферты) | D44: 974 | E44: 07 | F44: 01 | G44: 0110293070 | H44: 111 | I44: 68780000 | J44: 60125650 | K44: 42696649 | O44: =J44-K44 -> 17429001
D45: 974 | E45: 07 | F45: 01 | G45: 0110293070 | H45: 119 | I45: 20771550 | J45: 18157946 | K45: 12204568 | O45: =J45-K45 -> 5953378.4
D46: 974 | E46: 07 | F46: 01 | G46: 0110293070 | H46: 244 | I46: 3245495 | J46: 2844315 | K46: 1093773.2 | O46: =J46-K46 -> 1750541.8
A47: 1.2.16 | B47: Субсидии бюджетным учреждениям на финансовое обеспечение государственного (муниципального) задания на оказание государственных (муниципальных) услуг (выполнение работ) (Субвенции на обеспечение государственных гарантий реализации прав на получение общедоступного и бесплатного дошкольного образования в муниципальных дошкольных образовательных организациях) | C47: краевой бюджет (субсидии, субвенции, иные межбюджетные трансферты) | D47: 974 | E47: 07 | F47: 01 | G47: 0110293070 | H47: 611 | I47: 0 | J47: 17167550 | K47: 1764792.6 | O47: =J47-K47 -> 15402757
A48: 1.2.17 | B48: Субвенции на выплату компенсации части платы, взимаемой с родителей (законных представителей) за присмотр и уход за детьми, осваивающими образовательные программы дошкольного образования в организациях, осуществляющих образовательную деятельность | C48: краевой бюджет (субсидии, субвенции, иные межбюджетные трансферты) | D48: 974 | E48: 10 | F48: 04 | G48: 0110293090 | H48: 313 | I48: 4815207 | J48: 4815207 | K48: 2058446.3
A49: 1.3. | B49: Основное мероприятие "Формирование доступной среды" | I49: =I50 -> 0 | J49: =J50 -> 100000 | K49: =K50 -> 61565 | O49: =J49-K49 -> 38435
A50: 1.3.1 | B50: Мероприятия для обеспечения доступности и получения услуг инвалидами и другими маломобильными группами инвалидов | C50: бюджет Чугуевского муниципального округа | D50: 974 | E50: 10 | F50: 06 | G50: 0120441060 | H50: 244 | I50: 0 | J50: 100000 | K50: 61565 | O50: =J50-K50 -> 38435
A51: 1.4. | B51: Основное мероприятие "Федеральный проект "Современная школа"" | I51: =I52 -> 1060000 | J51: =J52 -> 1060000 | K51: =K52 -> 340000 | O51: =J51-K51 -> 720000
A52: 1.4.1 | B52: Субвенции бюджетам муниципальных образований Приморского края на осуществление отдельных государственных полномочий по обеспечению мер социальной поддержки педагогическим работникам муниципальных образовательных организаций Приморского края | C52: краевой бюджет (субсидии, субвенции, иные межбюджетные трансферты) | D52: 974 | E52: 10 | F52: 03 | G52: 011E193140 | H52: 321 | I52: 1060000 | J52: 1060000 | K52: 340000
A53: 1.5. | B53: Основное мероприятие "Федеральный проект "Содействие занятости женщин - создание условий дошкольного образования для детей в возрасте до трех лет"" | I53: =SUM(I54:I56) -> 0 | J53: =J54+J55+J56 -> 4403507.8 | K53: =K54+K55+K56 -> 3475721.4
A54: 1.5.1 | B54: Субсидии бюджетам муниципальных образований Приморского края на создание дополнительных мест для детей в возрасте от 1,5 до 3 лет в образовательных организациях, осуществляющих образовательную деятельность по образовательным программам дошкольного образования | C54: бюджет Чугуевского муниципального округа | D54: 971 | E54: 07 | F54: 01 | G54: 011P252320 | H54: 414 | I54: 0 | J54: 22017.54 | K54: 17378.61 | O54: =J54-K54 -> 4638.93
C55: федеральный бюджет (иные межбюджетные трансферты) | D55: 971 | E55: 07 | F55: 01 | G55: 011P252320 | H55: 414 | I55: 0 | J55: 0 | K55: 0 | O55: =J55-K55 -> 0
C56: краевой бюджет (субсидии, субвенции, иные межбюджетные трансферты) | D56: 971 | E56: 07 | F56: 01 | G56: 011P252320 | H56: 414 | I56: 0 | J56: 4381490.3 | K56: 3458342.8 | O56: =J56-K56 -> 923147.55
A57: 2. | B57: Подпрограмма "Развитие системы общего образования в Чугуевском муниципальном округе" на 2020-2024 годы | C57: Всего | I57: =I58+I59+I60 -> 516963713 | J57: =J58+J59+J60 -> 5.4114876e+08 | K57: =K58+K59+K60 -> 3.3072883e+08 | L57: =I61+#REF!+I104+#REF!+#REF!+I116 -> #REF! | M57: =I57-L57 -> #REF! | O57: =J57-K57 -> 2.1041993e+08
C58: федеральный бюджет (иные межбюджетные трансферты) | I58: =I81+I82+I83+I84+I107+I109+I118 -> 36111084 | J58: =J81+J82+J83+J84+J107+J109+J118 -> 36111084 | K58: =K81+K82+K83+K84+K107+K109+K118 -> 21611092 | O58: =J58-K58 -> 14499992
C59: краевой бюджет (субсидии, субвенции, иные межбюджетные трансферты) | I59: =I67+I100+I101+I102+I103+I105+I106+I108+I110+I114+I119+I121+I122 -> 327217689 | J59: =J67+J100+J101+J102+J103+J105++J106+J108+J110+J114+J119+J121+J122 -> 338007973 | K59: =K67+K100+K101+K102+K103+K105+K106+K108+K110+K114+K119+K121+K122 -> 1.9871277e+08 | O59: =J59-K59 -> 1.392952e+08
C60: бюджет Чугуевского муниципального округа | I60: =I62+I63+I64+I65+I66+I67+I68+I71+I69+I72+I73+I74+I75+I76+I77+I78+I79+I80+I85+I86+I87+I88+I89+I90+I91+I92+I93+I94+I95+I96+I97+I98+I99+I112 -> 153634940 | J60: =J62+J63+J64+J65+J66+J68+J69+J71+J72+J73+J74+J75+J76+J77+J78+J79+J80+J85+J86+J87+J88+J89+J90+J91+J92+J93+J94+J95+J96+J97+J98+J112+J115+J117+J99 -> 1.670297e+08 | K60: =K62+K63+K64+K65+K66+K68+K69+K71+K72+K73+K74+K75+K76+K77+K78+K79+K80+K85+K86+K87+K88+K89+K90+K91+K92+K93+K94+K95+K96+K97+K98+K99+K112+K115+K117 -> 1.1040496e+08 | O60: =J60-K60 -> 56624742
A61: 2.1. | B61: Основное мероприятие "Развитие инфраструктуры образовательных организаций" | I61: =I62+I63+I64+I65+I66+I67+I68+I69 -> 94700 | J61: =J62+J63+J64+J65+J66+J67+J68+J69 -> 795000 | K61: =K62+K63+K64+K65+K66+K67+K68+K69 -> 95000 | O61: =J61-K61 -> 700000
A62: 2.1.1 | B62: Приобретение технологического оборудования | C62: бюджет Чугуевского муниципального округа | D62: 974 | E62: 07 | F62: 02 | G62: 0120170080 | H62: 244 | I62: 0 | J62: 0 | K62: 0 | O62: =J62-K62 -> 0
A63: 2.1.2 | B63: Субсидии бюджетным учреждениям на иные цели (приобретение технологического оборудования) | C63: бюджет Чугуевского муниципального округа | D63: 974 | E63: 07 | F63: 02 | G63: 0120170080 | H63: 612 | I63: 0 | J63: 0 | K63: 0 | O63: =J63-K63 -> 0
A64: 2.1.3 | B64: Мероприятия по капитальному ремонту зданий и помещений учреждений (в том числе проектно - изыскательские работы) | C64: бюджет Чугуевского муниципального округа | D64: 974 | E64: 07 | F64: 02 | G64: 0120170080 | H64: 243 | I64: 94700 | J64: 750000 | K64: 50000
C65: бюджет Чугуевского муниципального округа | D65: 974 | E65: 07 | F65: 02 | G65: 0120170080 | H65: 244 | I65: 0 | J65: 0 | K65: 0
A66: 2.1.4 | B66: Субсидии бюджетным учреждениям на иные цели (Мероприятия по капитальному ремонту зданий и помещений учреждений (в том числе проектно - изыскательские работы) | C66: бюджет Чугуевского муниципального округа | D66: 974 | E66: 07 | F66: 02 | G66: 0120170080 | H66: 612 | I66: 0 | J66: 45000 | K66: 45000 | O66: =J66-K66 -> 0
A67: 2.1.5 | B67: Субсидии бюджетам муниципальных образований Приморского края на капитальный ремонт зданий муниципальных общеобразовательных учреждений | C67: краевой бюджет (субсидии, субвенции, иные межбюджетные трансферты) | D67: 974 | E67: 07 | F67: 02 | G67: 0120192340 | H67: 243 | I67: 0 | J67: 0 | K67: 0 | O67: =J67-K67 -> 0
A68: 2.1.6 | B68: Капитальный ремонт зданий муниципальных общеобразовательных учреждений, в рамках софинансирования краевого бюджета | C68: бюджет Чугуевского муниципального округа | D68: 974 | E68: 07 | F68: 02 | G68: 01201S2340 | H68: 243 | I68: 0 | J68: 0 | K68: 0
A69: 2.1.7 | B69: Субсидии бюджетным учреждениям на иные цели (Капитальный ремонт зданий муниципальных общеобразовательных учреждений, в рамках софинансирования краевого бюджета) | C69: бюджет Чугуевского муниципального округа | D69: 974 | E69: 07 | F69: 02 | G69: 01201S2340 | H69: 612 | I69: 0 | J69: 0 | K69: 0
A70: 2.2. | B70: Основное мероприятие " Реализация образовательных программ начального, общего, сновного общего и среднего общего образования" | I70: =SUM(I71:I103) -> 492333013 | J70: =SUM(J71:J103) -> 5.1591776e+08 | K70: =SUM(K71:K103) -> 3.1818644e+08
A71: 2.2.1 | B71: Расходы, связанные с исполнением решений,принятых судебными органами | C71: бюджет Чугуевского муниципального округа | D71: 974 | E71: 07 | F71: 02 | G71: 0120210060 | H71: 831 | I71: 0 | J71: 0 | K71: 0
A72: 2.2.2 | B72: Мероприятия по профилактике терроризма и экстремизма | C72: бюджет Чугуевского муниципального округа | D72: 974 | E72: 07 | F72: 02 | G72: 0120220050 | H72: 244 | I72: 800000 | J72: 748760 | K72: 145943
A73: 2.2.3 | B73: Субсидии бюджетным учреждениям на иные цели (Мероприятия по профилактике терроризма и экстремизма) | C73: бюджет Чугуевского муниципального округа | D73: 974 | E73: 07 | F73: 02 | G73: 0120220050 | H73: 612 | I73: 0 | J73: 51240 | K73: 28545
A74: 2.2.4 | B74: Мероприятия по охране труда | C74: бюджет Чугуевского муниципального округа | D74: 974 | E74: 07 | F74: 02 | G74: 0120220060 | H74: 244 | I74: 4510400 | J74: 4068400 | K74: 2526260.4
A75: 2.2.5 | B75: Субсидии бюджетным учреждениям на иные цели (Мероприятия по охране труда) | C75: бюджет Чугуевского муниципального округа | D75: 974 | E75: 07 | F75: 02 | G75: 0120220060 | H75: 612 | I75: 0 | J75: 198000 | K75: 21830
A76: 2.2.6 | B76: Мероприятия по пожарной безопасности | C76: бюджет Чугуевского муниципального округа | D76: 974 | E76: 07 | F76: 02 | G76: 0120220150 | H76: 244 | I76: 3000000 | J76: 2026109 | K76: 880045
A77: 2.2.7 | B77: Субсидии бюджетным учреждениям на иные цели (Мероприятия по пожарной безопасности) | C77: бюджет Чугуевского муниципального округа | D77: 974 | E77: 07 | F77: 02 | G77: 0120220150 | H77: 612 | I77: 74880 | J77: 231371 | K77: 116057
A78: 2.2.8 | B78: Расходы на предупреждение распространения коронавирусной инфекции | C78: бюджет Чугуевского муниципального округа | D78: 974 | E78: 07 | F78: 02 | G78: 0120229070 | H78: 244 | I78: 100000 | J78: 250000 | K78: 157692.5
A79: 2.2.9 | B79: Субсидии бюджетным учреждениям на финансовое обеспечение государственного (муниципального) задания на оказание государственных (муниципальных) услуг (выполнение работ) (Расходы на предупреждение распространения коронавирусной инфекции) | C79: бюджет Чугуевского муниципального округа | D79: 974 | E79: 07 | F79: 02 | G79: 0120229070 | H79: 611 | I79: 0 | J79: 0 | K79: 0
A80: 2.2.10 | B80: Субсидии бюджетным учреждениям на иные цели (Расходы на предупреждение распространения коронавирусной инфекции) | C80: бюджет Чугуевского муниципального округа | D80: 974 | E80: 07 | F80: 02 | G80: 0120229070 | H80: 612 | I80: 0 | J80: 20200 | K80: 0
A81: 2.2.11 | B81: Субвенции бюджетам городских округов на ежемесячное денежное вознаграждение за классное руководство педагогическим работникам государственных и муниципальных общеобразовательных организаций | C81: федеральный бюджет (иные межбюджетные трансферты) | D81: 974 | E81: 07 | F81: 02 | G81: 0120253030 | H81: 111 | I81: 17068900 | J81: 16573900 | K81: 10242089 | O81: =J81-K81 -> 6331810.6
D82: 974 | E82: 07 | F82: 02 | G82: 0120253030 | H82: 119 | I82: 5154800 | J82: 5005310 | K82: 3096450.6 | O82: =J82-K82 -> 1908859.4
A83: 2.2.12 | B83: Субсидии бюджетным учреждениям на финансовое обеспечение государственного (муниципального) задания на оказание государственных (муниципальных) услуг (выполнение работ) (Субвенции бюджетам городских округов на ежемесячное денежное вознаграждение за классное руководство педагогическим работникам государственных и муниципальных общеобразовательных организаций) | C83: федеральный бюджет (иные межбюджетные трансферты) | D83: 974 | E83: 07 | F83: 02 | G83: 0120253030 | H83: 611 | I83: 0 | J83: 0 | K83: 0 | O83: =J83-K83 -> 0
A84: 2.2.13 | B84: Субсидии бюджетным учреждениям на иные цели (Субвенции бюджетам городских округов на ежемесячное денежное вознаграждение за классное руководство педагогическим работникам государственных и муниципальных общеобразовательных организаций) | C84: федеральный бюджет (иные межбюджетные трансферты) | D84: 974 | E84: 07 | F84: 02 | G84: 0120253030 | H84: 612 | I84: 4101300 | J84: 4745790 | K84: 3046363.1
A85: 2.2.14 | B85: Мероприятия по трудоустройству несовершеннолетних | C85: бюджет Чугуевского муниципального округа | D85: 974 | E85: 07 | F85: 02 | G85: 0120270390 | H85: 111 | I85: 372300 | J85: 423509 | K85: 414220.69
D86: 974 | E86: 07 | F86: 02 | G86: 0120270390 | H86: 119 | I86: 112400 | J86: 127900 | K86: 125094.67
A87: 2.2.15 | B87: Субсидии бюджетным учреждениям на иные цели (Мероприятия по трудоустройству несовершеннолетних ) | C87: бюджет Чугуевского муниципального округа | D87: 974 | E87: 07 | F87: 02 | G87: 0120270390 | H87: 612 | I87: 178400 | J87: 218755.41 | K87: 218755.1
A88: 2.2.16 | B88: Расходы на обеспечение деятельности (оказание услуг, выполнение работ) муниципальных учреждений | C88: бюджет Чугуевского муниципального округа | D88: 974 | E88: 07 | F88: 02 | G88: 0120270590 | H88: 111 | I88: 53051000 | J88: 51270837 | K88: 40742746 | O88: =J88-K88 -> 10528091
D89: 974 | E89: 07 | F89: 02 | G89: 0120270590 | H89: 112 | I89: 290700 | J89: 290700 | K89: 75665 | O89: =J89-K89 -> 215035
D90: 974 | E90: 07 | F90: 02 | G90: 0120270590 | H90: 119 | I90: 16024200 | J90: 15469810 | K90: 11559153 | O90: =J90-K90 -> 3910657.2
D91: 974 | E91: 07 | F91: 02 | G91: 0120270590 | H91: 244 | I91: 22655000 | J91: 31769157 | K91: 18504711 | O91: =J91-K91 -> 13264446
D92: 974 | E92: 07 | F92: 02 | G92: 0120270590 | H92: 321 | I92: 0 | J92: 71830.5 | K92: 71830.5 | O92: =J92-K92 -> 0
D93: 974 | E93: 07 | F93: 02 | G93: 0120270590 | H93: 851 | I93: 6096400 | J93: 7926471.5 | K93: 3812433 | O93: =J93-K93 -> 4114038.5
D94: 974 | E94: 07 | F94: 02 | G94: 0120270590 | H94: 852 | I94: 37200 | J94: 54830 | K94: 8520 | O94: =J94-K94 -> 46310
D95: 974 | E95: 07 | F95: 02 | G95: 0120270590 | H95: 853 | I95: 880700 | J95: 825228 | K95: 64287.73 | O95: =J95-K95 -> 760940.27
A96: 2.2.17 | B96: Субсидии бюджетным учреждениям на финансовое обеспечение государственного (муниципального) задания на оказание государственных (муниципальных) услуг (выполнение работ) (Расходы на обеспечение деятельности (оказание услуг, выполнение работ) муниципальных учреждений) | C96: бюджет Чугуевского муниципального округа | D96: 974 | E96: 07 | F96: 02 | G96: 0120270590 | H96: 611 | I96: 10276950 | J96: 15183915 | K96: 11219317
A97: 2.2.18 | B97: Расходы на приобретение коммунальных услуг | C97: бюджет Чугуевского муниципального округа | D97: 974 | E97: 07 | F97: 02 | G97: 0120270591 | H97: 244 | I97: 404910 | J97: 246483.63 | K97: 20761.2 | O97: =J97-K97 -> 225722.43
D98: 974 | E98: 07 | F98: 02 | G98: 0120270591 | H98: 247 | I98: 30400350 | J98: 28764492 | K98: 16272993 | O98: =J98-K98 -> 12491500
A99: 2.2.19 | B99: Субсидии бюджетным учреждениям на финансовое обеспечение государственного (муниципального) задания на оказание государственных (муниципальных) услуг (выполнение работ) (Расходы на приобретение коммунальных услуг) | C99: бюджет Чугуевского муниципального округа | D99: 974 | E99: 07 | F99: 02 | G99: 0120270591 | H99: 611 | I99: 4174450 | J99: 5996703.9 | K99: 3323100.9 | O99: =J99-K99 -> 2673603
A100: 2.2.20 | B100: Субвенции на обеспечение государственных гарантий реализации прав на получение общедоступного и бесплатного дошкольного,начального общего, основного общего, среднего общего, дополнительного образования детей в муниципальных общеобразовательных организациях | C100: краевой бюджет (субсидии, субвенции, иные межбюджетные трансферты) | D100: 974 | E100: 07 | F100: 02 | G100: 0120293060 | H100: 111 | I100: 195257430 | J100: 196163734 | K100: 1.1592386e+08 | O100: =J100-K100 -> 80239872
...

Sheet Форма 8
E1: Форма 8
B2: ИНФОРМАЦИЯ О РАСХОДОВАНИИ БЮДЖЕТНЫХ И ВНЕБЮДЖЕТНЫХ СРЕДСТВ НА РЕАЛИЗАЦИЮ МУНИЦИПАЛЬНЫХ ПРОГРАММ за 1 квартал 2022 года
B3: 1. "Развитие образования Чугуевского муниципального округа" на 2020-2024 годы за
A4: № п/п | B4: Наименование подпрограммы, мероприятия, отдельного мероприятия | C4: Источники ресурсного обеспечения | D4: Оценка расходов (в соответствии с муниципальной программой), руб. | E4: Фактические расходы (руб.)
A6: 1 | B6: 2 | C6: 3 | D6: 4 | E6: 5
B7: Муниципальная программа «Развитие образования Чугуевского муниципального округа» на 2020-2024 годы | C7: Всего | D7: =D8+D9+D10 -> 8.2363196e+08 | E7: =E8+E9+E10 -> 502291120
C8: федеральный бюджет (иные межбюджетные трансферты) | D8: =D12+D50 -> 36111084 | E8: =E12+E50 -> 21611092
C9: краевой бюджет (субсидии, субвенции, иные межбюджетные трансферты) | D9: =D13+D51+D103 -> 4.5061431e+08 | E9: =E13+E51+E103 -> 2.6552625e+08
C10: бюджет Чугуевского муниципального округа | D10: =D14+D52+D135+D104 -> 3.3690657e+08 | E10: =E14+E52+E135+E104 -> 2.1515378e+08
A11: 1. | B11: Подпрограмма "Развитие системы дошкольного образования в Чугуевском муниципальном округе" на 2020-2024 годы | C11: Всего | D11: =D12+D13+D14 -> 2.0593006e+08 | E11: =E12+E13+E14 -> 1.1814636e+08
C12: федеральный бюджет (иные межбюджетные трансферты) | D12: =D47 -> 0 | E12: =E47 -> 0
C13: краевой бюджет (субсидии, субвенции, иные межбюджетные трансферты) | D13: =D36+D37+D48+D38+D42 -> 1.0855216e+08 | E13: =E36+E37+E48+E38+E42 -> 63616572
C14: бюджет Чугуевского муниципального округа | D14: =D16+D17+D18+D19+D20+D22+D23+D24+D25+D26+D28+D29+D30+D32+D33+D34+D35+D40+D46+D27+D31 -> 97377902 | E14: =E16+E17+E18+E19+E20+E22+E23+E24+E25+E26+E28+E29+E30+E32+E33+E34+E35+E40+E46+E27+E31 -> 54529786
A15: 1.1. | B15: Основное мероприятие "Развитие инфраструктуры организаций дошкольного образования" | D15: =D16+D17+D18+D19+D20 -> 1214280 | E15: =E16+E17+E18+E19+E20 -> 1137400.7
A16: 1.1.1 | B16: Мероприятия по информатизации системы образования | C16: бюджет Чугуевского муниципального округа | D16: ='[1]Форма 7'!J17 -> 250000 | E16: 190210.73
A17: 1.1.2 | B17: Субсидии бюджетным учреждениям на иные цели (Мероприятия по информатизации системы образования) | C17: бюджет Чугуевского муниципального округа | D17: ='[2]Форма 7'!J18 -> 44280 | E17: 27190
A18: 1.1.3 | B18: Строительство, реконструкция зданий (в том числе проекто-изыскательские работы) | C18: бюджет Чугуевского муниципального округа | D18: ='[2]Форма 7'!J19 -> 0 | E18: ='[2]Форма 7'!K19 -> 0
A19: 1.1.4 | B19: Мероприятия по капитальному ремонту зданий и помещений учреждений (в том числе проектно - изыскательские работы) | C19: бюджет Чугуевского муниципального округа | D19: 920000 | E19: 920000
A20: 1.1.5 | B20: Капитальный ремонт зданий муниципальных общеобразовательных учреждений, в рамках софинансирования краевого бюджета | C20: бюджет Чугуевского муниципального округа | D20: 0 | E20: ='[2]Форма 7'!K21 -> 0
A21: 1.2. | B21: Основное мероприятие "Реализация образовательных программ дошкольного образования" | D21: =SUM(D22:D38) -> 1.9915227e+08 | E21: =SUM(E22:E38) -> 1.1313167e+08
A22: 1.2.1 | B22: Мероприятия по профилактике терроризма и экстремизма | C22: бюджет Чугуевского муниципального округа | D22: 463760 | E22: 127650
A23: 1.2.2 | B23: Субсидии бюджетным учреждениям на иные цели (Мероприятия по профилактике терроризма и экстремизма) | C23: бюджет Чугуевского муниципального округа | D23: ='[2]Форма 7'!J24 -> 36240 | E23: 12500.16
A24: 1.2.3 | B24: Мероприятия по по охране труда | C24: бюджет Чугуевского муниципального округа | D24: 1593007.4 | E24: 867136.5
A25: 1.2.4 | B25: Субсидии бюджетным учреждениям на иные цели (Мероприятия по по охране труда) | C25: бюджет Чугуевского муниципального округа | D25: 214192.56 | E25: 131030
A26: 1.2.5 | B26: Приобретение витамина С для детей, посещающих муниципальные дошкольные учреждения | C26: бюджет Чугуевского муниципального округа | D26: 25500 | E26: 25000
A27: 1.2.6 | B27: Субсидии бюджетным учреждениям на иные цели (Приобретение витамина С для детей, посещающих муниципальные дошкольные учреждения) | C27: бюджет Чугуевского муниципального округа | D27: 2000 | E27: 2000
A28: 1.2.7 | B28: Мероприятия по пожарной безопасности | C28: бюджет Чугуевского муниципального округа | D28: 463240 | E28: 314623.64
A29: 1.2.8 | B29: Субсидии бюджетным учреждениям на иные цели (Мероприятия по пожарной безопасности) | C29: бюджет Чугуевского муниципального округа | D29: ='[2]Форма 7'!J29 -> 43360 | E29: 18760
A30: 1.2.9 | B30: Расходы на предупреждение распространения коронавирусной инфекции | C30: бюджет Чугуевского муниципального округа | D30: 168870 | E30: 168660
A31: 1.2.10 | B31: Субсидии бюджетным учреждениям на иные цели (Расходы на предупреждение распространения коронавирусной инфекции) | D31: 48230 | E31: 47940
A32: 1.2.11 | B32: Расходы на обеспечение деятельности (оказание услуг, выполнение работ) муниципальных учреждений | C32: бюджет Чугуевского муниципального округа | D32: 62819403 | E32: 39425447
A33: 1.2.12 | B33: Субсидии бюджетным учреждениям на финансовое обеспечение государственного (муниципального) задания на оказание государственных (муниципальных) услуг (выполнение работ) (Расходы на обеспечение деятельности (оказание услуг, выполнение работ) муниципальных учреждений) | C33: бюджет Чугуевского муниципального округа | D33: 16113771 | E33: 5401016.8
A34: 1.2.13 | B34: Расходы на приобретение коммунальных услуг | C34: бюджет Чугуевского муниципального округа | D34: 13271797 | E34: 6670331.4
A35: 1.2.14 | B35: Субсидии бюджетным учреждениям на финансовое обеспечение государственного (муниципального) задания на оказание государственных (муниципальных) услуг (выполнение работ) (Расходы на приобретение коммунальных услуг) | C35: бюджет Чугуевского муниципального округа | D35: 778232.9 | E35: 101345.93
A36: 1.2.15 | B36: Субвенции на обеспечение государственных гарантий реализации прав на получение общедоступного и бесплатного дошкольного образования в муниципальных дошкольных образовательных организациях | C36: краевой бюджет (субсидии, субвенции, иные межбюджетные трансферты) | D36: 81127911 | E36: 55994990
A37: 1.2.16 | B37: Субсидии бюджетным учреждениям на финансовое обеспечение государственного (муниципального) задания на оказание государственных (муниципальных) услуг (выполнение работ) (Субвенции на обеспечение государственных гарантий реализации прав на получение общедоступного и бесплатного дошкольного образования в муниципальных дошкольных образовательных организациях) | C37: краевой бюджет (субсидии, субвенции, иные межбюджетные трансферты) | D37: ='[2]Форма 7'!J45 -> 17167550 | E37: 1764792.6
A38: 1.2.17 | B38: Субвенции на выплату компенсации части платы, взимаемой с родителей (законных представителей) за присмотр и уход за детьми, осваивающими образовательные программы дошкольного образования в организациях, осуществляющих образовательную деятельность | C38: краевой бюджет (субсидии, субвенции, иные межбюджетные трансферты) | D38: ='[2]Форма 7'!J46 -> 4815207 | E38: 2058446.3
A39: 1.3. | B39: Основное мероприятие "Формирование доступной среды" | D39: =D40 -> 100000 | E39: =E40 -> 61565
A40: 1.3.1 | B40: Мероприятия для обеспечения доступности и получения услуг инвалидами и другими маломобильными группами инвалидов | C40: бюджет Чугуевского муниципального округа | D40: ='[2]Форма 7'!J48 -> 100000 | E40: 61565
A41: 1.4. | B41: Основное мероприятие "Федеральный проект "Современная школа"" | D41: =D42 -> 1060000 | E41: =E42 -> 340000
A42: 1.4.1 | B42: Субвенции бюджетам муниципальных образований Приморского края на осуществление отдельных государственных полномочий по обеспечению мер социальной поддержки педагогическим работникам муниципальных образовательных организаций Приморского края | C42: краевой бюджет (субсидии, субвенции, иные межбюджетные трансферты) | D42: ='[2]Форма 7'!J50 -> 1060000 | E42: 340000
A45: 1.5. | B45: Основное мероприятие "Федеральный проект "Содействие занятости женщин - создание условий дошкольного образования для детей в возрасте до трех лет"" | D45: =D46+D47+D48 -> 4403507.8 | E45: =E46+E47+E48 -> 3475721.4
A46: 1.5.1 | B46: Субсидии бюджетам муниципальных образований Приморского края на создание дополнительных мест для детей в возрасте от 1,5 до 3 лет в образовательных организациях, осуществляющих образовательную деятельность по образовательным программам дошкольного образования | C46: бюджет Чугуевского муниципального округа | D46: 22017.54 | E46: 17378.61
C47: федеральный бюджет (иные межбюджетные трансферты) | D47: 0 | E47: 0
C48: краевой бюджет (субсидии, субвенции, иные межбюджетные трансферты) | D48: 4381490.3 | E48: 3458342.8
A49: 2. | B49: Подпрограмма "Развитие системы общего образования в Чугуевском муниципальном округе" на 2020-2024 годы | C49: Всего | D49: =D50+D51+D52 -> 5.4114876e+08 | E49: =E50+E51+E52 -> 3.3072883e+08
C50: федеральный бюджет (иные межбюджетные трансферты) | D50: =D72+D73+D74+D86+D88 -> 36111084 | E50: =E72+E73+E74+E86+E88 -> 21611092
C51: краевой бюджет (субсидии, субвенции, иные межбюджетные трансферты) | D51: =D58+D81+D82+D84+D85+D87+D89+D93+D98+D100+D101 -> 338007973 | E51: =E58+E81+E82+E84+E85+E87+E89+E93+E98+E100+E101 -> 1.9871277e+08
C52: бюджет Чугуевского муниципального округа | D52: =D54+D55+D56+D57+D59+D60+D62+D63+D64+D65+D66+D67+D68+D69+D70+D71+D75+D76+D77+D78+D79+D80+D91+D94+D96 -> 1.670297e+08 | E52: =E54+E55+E56+E57+E59+E60+E62+E63+E64+E65+E66+E67+E68+E69+E70+E71+E75+E76+E77+E78+E79+E80+E91+E94+E96 -> 1.1040496e+08
A53: 2.1. | B53: Основное мероприятие "Развитие инфраструктуры образовательных организаций" | C53: краевой бюджет (субсидии, субвенции, иные межбюджетные трансферты), бюджет Чугуевского муниципального округа | D53: =SUM(D54:D60) -> 795000 | E53: =SUM(E54:E60) -> 95000
A54: 2.1.1 | B54: Приобретение технологического оборудования | C54: бюджет Чугуевского муниципального округа | D54: 0 | E54: ='[2]Форма 7'!K63 -> 0
A55: 2.1.2 | B55: Субсидии бюджетным учреждениям на иные цели (Приобретение технологического оборудования) | C55: бюджет Чугуевского муниципального округа | D55: ='[2]Форма 7'!J64 -> 0 | E55: ='[2]Форма 7'!K64 -> 0
A56: 2.1.3 | B56: Мероприятия по капитальному ремонту зданий и помещений учреждений (в том числе проектно - изыскательские работы) | C56: бюджет Чугуевского муниципального округа | D56: 750000 | E56: 50000
A57: 2.1.4 | B57: Субсидии бюджетным учреждениям на иные цели (Мероприятия по капитальному ремонту зданий и помещений учреждений (в том числе проектно - изыскательские работы) | C57: бюджет Чугуевского муниципального округа | D57: 45000 | E57: 45000
A58: 2.1.5 | B58: Субсидии бюджетам муниципальных образований Приморского края на капитальный ремонт зданий муниципальных общеобразовательных учреждений | C58: краевой бюджет (субсидии, субвенции, иные межбюджетные трансферты) | D58: 0 | E58: 0
A59: 2.1.6 | B59: Капитальный ремонт зданий муниципальных общеобразовательных учреждений, в рамках софинансирования краевого бюджета | C59: бюджет Чугуевского муниципального округа | D59: ='[2]Форма 7'!J69 -> 0 | E59: ='[2]Форма 7'!K69 -> 0
A60: 2.1.7 | B60: Субсидии бюджетным учреждениям на иные цели (Капитальный ремонт зданий муниципальных общеобразовательных учреждений, в рамках софинансирования краевого бюджета) | C60: бюджет Чугуевского муниципального округа | D60: 0 | E60: 0
A61: 2.2. | B61: Основное мероприятие " Реализация образовательных программ начального, общего, сновного общего и среднего общего образования" | D61: =SUM(D62:D82) -> 5.1591776e+08 | E61: =SUM(E62:E82) -> 3.1818644e+08 | F61: ='Форма 7'!#REF! -> #REF! | G61: ='Форма 7'!#REF! -> #REF!
A62: 2.2.1 | B62: Расходы, связанные с исполнением решений,принятых судебными органами | C62: бюджет Чугуевского муниципального округа | D62: 0 | E62: 0
A63: 2.2.2 | B63: Мероприятия по профилактике терроризма и экстремизма | C63: бюджет Чугуевского муниципального округа | D63: 748760 | E63: 145943
A64: 2.2.3 | B64: Субсидии бюджетным учреждениям на иные цели (Мероприятия по профилактике терроризма и экстремизма) | C64: бюджет Чугуевского муниципального округа | D64: 51240 | E64: 28545
A65: 2.2.4 | B65: Мероприятия по охране труда | C65: бюджет Чугуевского муниципального округа | D65: 4068400 | E65: 2526260.4
A66: 2.2.5 | B66: Субсидии бюджетным учреждениям на иные цели (Мероприятия по охране труда) | C66: бюджет Чугуевского муниципального округа | D66: 198000 | E66: 21830
A67: 2.2.6 | B67: Мероприятия по пожарной безопасности | C67: бюджет Чугуевского муниципального округа | D67: 2026109 | E67: 880045
A68: 2.2.7 | B68: Субсидии бюджетным учреждениям на иные цели (Мероприятия по пожарной безопасности) | C68: бюджет Чугуевского муниципального округа | D68: 231371 | E68: 116057
A69: 2.2.8 | B69: Расходы на предупреждение распространения коронавирусной инфекции | C69: бюджет Чугуевского муниципального округа | D69: 250000 | E69: 157692.5
A70: 2.2.9 | B70: Субсидии бюджетным учреждениям на финансовое обеспечение государственного (муниципального) задания на оказание государственных (муниципальных) услуг (выполнение работ) (Расходы на предупреждение распространения коронавирусной инфекции) | C70: бюджет Чугуевского муниципального округа | D70: 0 | E70: 0
A71: 2.2.10 | B71: Субсидии бюджетным учреждениям на иные цели (Расходы на предупреждение распространения коронавирусной инфекции) | C71: бюджет Чугуевского муниципального округа | D71: 20200 | E71: 0
A72: 2.2.11 | B72: Субвенции бюджетам городских округов на ежемесячное денежное вознаграждение за классное руководство педагогическим работникам государственных и муниципальных общеобразовательных организаций | C72: федеральный бюджет (иные межбюджетные трансферты) | D72: 21579210 | E72: 13338540
A73: 2.2.12 | B73: Субсидии бюджетным учреждениям на финансовое обеспечение государственного (муниципального) задания на оказание государственных (муниципальных) услуг (выполнение работ) (Субвенции бюджетам городских округов на ежемесячное денежное вознаграждение за классное руководство педагогическим работникам государственных и муниципальных общеобразовательных организаций) | C73: федеральный бюджет (иные межбюджетные трансферты) | D73: 0 | E73: 0
... A82: 2.2.21 | B82: Субсидии бюджетным учреждениям на финансовое обеспечение государственного (муниципального) задания на оказание государственных (муниципальных) услуг (выполнение работ) (Субвенции на обеспечение государственных гарантий реализации прав на получение общедоступного и бесплатного дошкольного,начального общего, основного общего, среднего общего, дополнительного образования детей в муниципальных общеобразовательных организациях) | C82: краевой бюджет (субсидии, субвенции, иные межбюджетные трансферты) | D82: 55108502 | E82: 36958823
A83: 2.3. | B83: Основное мероприятие "Создание условий для получения качественного общего образования" | C83: краевой бюджет (субсидии, субвенции, иные межбюджетные трансферты) | D83: =SUM(D84:D89) -> 21046000 | E83: =SUM(E84:E89) -> 10822183
A84: 2.3.1 | B84: Субвенции бюджетам муниципальных образований Приморского края на осуществление отдельных государственных полномочий по обеспечению бесплатным питанием детей, обучающихся в муниципальных общеобразовательных организациях Приморского края | C84: краевой бюджет (субсидии, субвенции, иные межбюджетные трансферты) | D84: 7615994 | E84: 3174369.2
A85: 2.3.2 | B85: Субсидии на иные цели (Субвенции бюджетам муниципальных образований Приморского края на осуществление отдельных государственных полномочий по обеспечению бесплатным питанием детей, обучающихся в муниципальных общеобразовательных организациях Приморского края) | C85: краевой бюджет (субсидии, субвенции, иные межбюджетные трансферты) | D85: 1779906 | E85: 1426159.8
A86: 2.3.3 | B86: Субвенции бюджетам муниципальных образований Приморского края на осуществление отдельных государственных полномочий по обеспечению бесплатным питанием детей, обучающихся в муниципальных общеобразовательных организациях Приморского края | C86: федеральный бюджет (иные межбюджетные трансферты) | D86: 6353194 | E86: 3443376.3
C87: краевой бюджет (субсидии, субвенции, иные межбюджетные трансферты) | D87: 1210132.2 | E87: 655881.2
A88: 2.3.4 | B88: Субсидии на иные цели (Субвенции бюджетам муниципальных образований Приморского края на осуществление отдельных государственных полномочий по обеспечению бесплатным питанием детей, обучающихся в муниципальных общеобразовательных организациях Приморского края) | C88: федеральный бюджет (иные межбюджетные трансферты) | D88: 3432890 | E88: 1782812.6
C89: краевой бюджет (субсидии, субвенции, иные межбюджетные трансферты) | D89: 653883.8 | E89: 339583.36
A90: 2.4. | B90: Основное мероприятие "Формирование доступной среды" | C90: бюджет Чугуевского муниципального округа | D90: =D91 -> 0 | E90: =E91 -> 0
A91: 2.4.1 | B91: Мероприятия для обеспечения доступности и получения услуг инвалидами и другими маломобильными группами инвалидов | C91: бюджет Чугуевского муниципального округа | D91: ='[2]Форма 7'!J113 -> 0 | E91: ='[2]Форма 7'!K113 -> 0
A92: 2.5. | B92: Основное мероприятие "Реализация инициативных проектов" | C92: краевой бюджет (субсидии, субвенции, иные межбюджетные трансферты) | D92: =SUM(D93:D94) -> 0 | E92: =SUM(E93:E94) -> 0
A93: 2.5.1 | B93: Субсидии бюджетам муниципальных образований Приморского края на реализацию проектов инициативного бюджетирования по направлению "Твой проект" | C93: краевой бюджет (субсидии, субвенции, иные межбюджетные трансферты) | D93: ='[2]Форма 7'!J115 -> 0 | E93: ='[2]Форма 7'!K115 -> 0
A94: 2.5.2 | B94: Реализация инициативного проекта по направлению "Твой проект", в рамках софинансирования краевого бюджета | C94: бюджет Чугуевского муниципального округа | D94: ='[2]Форма 7'!J116 -> 0 | E94: ='[2]Форма 7'!K116 -> 0
A95: 2.6. | B95: Основное мероприятие "Федеральный проект "Успех каждого ребенка"" | C95: краевой бюджет (субсидии, субвенции, иные межбюджетные трансферты) | D95: 0 | E95: 0
A96: 2.6.1 | B96: Субсидии бюджетам муниципальных образований Приморского края на создание в общеобразовательных организациях, расположенных в сельской местности и малых городах, условий для занятий физической культурой и спортом | C96: бюджет Чугуевского муниципального округа | D96: 0 | E96: 0
C97: федеральный бюджет (иные межбюджетные трансферты) | D97: 0 | E97: 0
C98: краевой бюджет (субсидии, субвенции, иные межбюджетные трансферты) | D98: ='[2]Форма 7'!J120 -> 0 | E98: ='[2]Форма 7'!K120 -> 0
A99: 2.7 | B99: Федеральный проект "Современная школа" | C99: краевой бюджет (субсидии, субвенции, иные межбюджетные трансферты) | D99: =D100+D101 -> 3390000 | E99: =E100+E101 -> 1625202
A100: 2.7.1 | B100: Субвенции бюджетам муниципальных образований Приморского края на осуществление отдельных государственных полномочий по обеспечению мер социальной поддержки педагогическим работникам муниципальных образовательных организаций Приморского края | C100: краевой бюджет (субсидии, субвенции, иные межбюджетные трансферты) | D100: 3390000 | E100: 1625202
A101: 2.7.2 | B101: Субсидии бюджетным учреждениям на иные цели (Субвенции бюджетам муниципальных образований Приморского края на осуществление отдельных государственных полномочий по обеспечению мер социальной поддержки педагогическим работникам муниципальных образовательных организаций Приморского края) | C101: краевой бюджет (субсидии, субвенции, иные межбюджетные трансферты) | D101: 0 | E101: 0
A102: 3. | B102: Подпрограмма "Развитие системы дополнительного образования, отдыха, оздоровления и занятости детей и подростков в Чугуевском муниципальном округе" на 2020-2024 годы | C102: Всего | D102: =D103+D104 -> 45749594 | E102: =E103+E104 -> 31975896
C103: краевой бюджет (субсидии, субвенции, иные межбюджетные трансферты) | D103: =D128+D129+D133+D134 -> 4054174 | E103: =E128+E132+E129 -> 3196906.2
C104: бюджет Чугуевского муниципального округа | D104: =D106+D107+D108+D114+D120+D123+D124+D126+D127+D131 -> 41695420 | E104: =E106+E107+E108+E114+E120+E123+E124+E126+E127+E131 -> 28778990
A105: 3.1. | B105: Основное мероприятие "Реализация дополнительных общеобразовательных программ и обеспечение условий их предоставления" | C105: краевой бюджет (субсидии, субвенции, иные межбюджетные трансферты), бюджет Чугуевского муниципального округа | D105: =SUM(D106:D124) -> 40715440 | E105: =SUM(E106:E124) -> 27908214
A106: 3.1.1 | B106: Мероприятия по профилактике терроризма и экстремизма | C106: бюджет Чугуевского муниципального округа | D106: ='[2]Форма 7'!J128 -> 0 | E106: ='[2]Форма 7'!K128 -> 0
A107: 3.1.2 | B107: Субсидии на иные цели (Мероприятия по профилактике терроризма и экстремизма) | C107: бюджет Чугуевского муниципального округа | D107: ='[2]Форма 7'!J129 -> 0 | E107: ='[2]Форма 7'!K129 -> 0
A108: 3.1.3 | B108: Субсидии на иные цели (Мероприятия по информатизации системы образования) | C108: бюджет Чугуевского муниципального округа | D108: 0 | E108: 0
A114: 3.1.4 | B114: Расходы на обеспечение деятельности (оказаниеуслуг, выполнение работ) музыкальной школы | C114: бюджет Чугуевского муниципального округа | D114: 8148700 | E114: 5404969.3
F115: ='Форма 7'!L139 -> 0 | G115: ='Форма 7'!M139 -> 0
A120: 3.1.5 | B120: Расходы на приобретение коммунальных услуг | C120: бюджет Чугуевского муниципального округа | D120: 247700 | E120: 150964.63
...
